 Dungeon Crawl Stone Soup version 0.21-a0-78-g82a99e0 (webtiles) character file.

35 4thArraOfDagon the Skirmisher (level 3, -1/29 HPs)
             Began as a Demonspawn Abyssal Knight on June 21, 2017.
             Was a Follower of Lugonu.
             Slain by mcbry's ghost (11 damage)
             ... on level 4 of the Dungeon.
             The game lasted 00:03:04 (605 turns).

4thArraOfDagon the Skirmisher (DsAK)                 Turns: 605, Time: 00:03:05

Health: -1/29      AC:  3    Str: 12    XL:     3   Next: 16%
Magic:  5/5        EV: 11    Int: 14    God:    Lugonu [*.....]
Gold:   151        SH:  0    Dex: 12    Spells: 2/2 levels left

rFire    . . .     SeeInvis .   d - +4 short sword
rCold    . . .     Gourm    .   (no shield)
rNeg     . . .     Faith    .   b - +0 leather armour
rPois    .         Spirit   .   (no helmet)
rElec    .         Reflect  .   (no cloak)
rCorr    .         Harm     .   (no gloves)
MR       .....                  (no boots)
Stlth    +.........             (no amulet)
HPRegen  0.09/turn              (no ring)
MPRegen  0.09/turn              (no ring)

@: no status effects
A: claws 1, demonic guardian 1
a: Depart the Abyss, Renounce Religion


You were on level 4 of the Dungeon.
You worshipped Lugonu.
Lugonu was aware of your devotion.
You were not hungry.

You visited 1 branch of the dungeon, and saw 4 of its levels.
You visited the Abyss 1 time.

You collected 151 gold pieces.

Inventory:

Hand Weapons
 a - a +1 falchion
 d - a +4 short sword (weapon)
Armour
 b - a +0 leather armour (worn)
 h - a +2 shield
Scrolls
 g - a scroll of remove curse {unknown}
 i - a scroll of recharging {unknown}
Potions
 e - a potion of might {unknown}
 f - a potion of flight {unknown}
 j - a potion of curing
 k - a potion of lignification {unknown}
Comestibles
 c - 2 bread rations
 l - a meat ration


   Skills:
 - Level 3.0 Fighting
 * Level 2.4 Long Blades
 + Level 2.2 Armour
 + Level 1.3 Dodging
 + Level 2.9 Invocations


You had 2 spell levels left.
You didn't know any spells.

Dungeon Overview and Level Annotations

Branches:
Dungeon (4/15)
 Temple: D:4-7

Altars:

Annotations:
D:4 mcbry's ghost, amateur MfGl


Innate Abilities, Weirdness & Mutations

You have sharp fingernails.
A weak demonic guardian rushes to your aid.


Message History

Mcbry's ghost closely misses your quasit.
Your quasit barely misses mcbry's ghost.
Your quasit claws mcbry's ghost but does no damage.
Your quasit barely misses mcbry's ghost. x2
Your quasit claws mcbry's ghost.
Your quasit claws mcbry's ghost but does no damage.
Mcbry's ghost hits your quasit.
Your quasit dies!
You hit mcbry's ghost.
Mcbry's ghost is severely damaged.
Mcbry's ghost completely misses you.
Your white imp misses mcbry's ghost.
Unknown command.
You hit mcbry's ghost.
Mcbry's ghost is almost destroyed.
Mcbry's ghost hits you.
Your white imp misses mcbry's ghost.
Unknown command.
You closely miss mcbry's ghost.
Mcbry's ghost is almost destroyed.
Mcbry's ghost hits you!
You die...

+....# .. #....##.?
+........ #......
###....#########
######...............
.........5...........
######.#.W..########
###.#@##.########
#...#...........#
#...#.†#.######.#
#...#..#.#...<#.#
###.#..#.#.##.#.#
#.#..#.#.#..#.#
#.#..#.#.#..#.#
#.#..#.#.#..#.#
#.#..#.#<#..#.#


You could see mcbry's ghost and a friendly white imp.

Vanquished Creatures
  2 adders (D:2)
  3 bats
  A goblin (D:2)
  2 hobgoblins
  4 kobolds
  A quokka (D:3)
  A ball python (D:4)
  A frilled lizard (D:1)
  3 rats
18 creatures vanquished.

Notes
Turn   | Place    | Note
-------+----------+-------------------------------------------
     0 | Abyss:1  | 4thArraOfDagon the Demonspawn Abyssal Knight began the quest for the Orb.
     0 | Abyss:1  | Reached XP level 1. HP: 18/18 MP: 2/2
    39 | Abyss:2  | Noticed an ancient zyme
    61 | Abyss:2  | Noticed a hellephant
    66 | Abyss:2  | Noticed a large abomination
    73 | Abyss:2  | Noticed a raiju
    76 | Abyss:2  | Noticed a starcursed mass
    77 | Abyss:2  | Noticed a large abomination
    78 | D:1      | Escaped the Abyss
   108 | D:1      | Reached skill level 1 in Dodging
   115 | D:1      | Reached * piety under Lugonu
   237 | D:2      | Gained mutation: You have sharp fingernails. [demonic ancestry]
   237 | D:2      | Reached XP level 2. HP: 24/24 MP: 4/4
   337 | D:1      | Gained mutation: A weak demonic guardian rushes to your aid. [demonic ancestry]
   337 | D:1      | Reached XP level 3. HP: 27/29 MP: 5/5
   536 | D:4      | Noticed mcbry's ghost (amateur MfGl)
   605 | D:4      | Slain by mcbry's ghost

Vault maps used:
D:1:      lightli_arrival_windingriver
D:3:      first_bread, chequers_ecumenical_altar_simple, uniq_robin,
          uniq_natasha
D:4:      minmay_temple_entry_poolview
Abyss:2:  hangedman_decor_peaks_small, abyss_furniture_001

Skill      XL: |  1 |
---------------+----+-----
Dodging        | 1 |  1.3
Armour         | 2 |  2.2
Long Blades    | 2 |  2.4
Fighting       | |  3.0
Invocations    | |  2.9

Action                   || total
-------------------------++-------
Melee: Short sword       ||    40
Invok: Depart the Abyss  ||     1
  Use: Potion            ||     2
Armor: Leather armour    ||     4
Dodge: Dodged            ||    18
